 Dungeon Crawl Stone Soup version 0.30-a0-377-g5cb311bc9f (webtiles) character file.

Game seed: 2483148331510589042

63 KennySheep the Shooter (level 3, 0/29 HPs)
             Began as a Demigod Hunter on Dec 1, 2022.
             Killed from afar by an orc wizard (6 damage)
             ... with a magic dart
             ... on level 2 of the Dungeon.
             The game lasted 00:03:58 (1439 turns).

KennySheep the Shooter (Demigod Hunter)             Turns: 1439, Time: 00:03:58

Health: 0/29       AC:  5    Str: 12    XL:     3   Next: 61%
Magic:  5/5        EV: 12    Int: 11    God:
Gold:   142        SH:  0    Dex: 21    Spells: 2/2 levels left

rFire   . . .      SeeInvis .    a - +0 shortbow
rCold   + . .      Faith    .    (shield currently unavailable)
rNeg    . . .      Spirit   .    c - +0 leather armour
rPois   .          Reflect  .    (helmet restricted)
rElec   .          Harm     .    (no cloak)
rCorr   .          Rampage  .    (no gloves)
Will    .....                    (no boots)
Stlth   ++........               (no amulet)
HPRegen 0.24/turn                f - ring of protection from cold
MPRegen 0.09/turn                (no ring)

@: no status effects
A: high MP 1, forlorn, divine attributes, horns 1, iridescent scales 1,
deterioration 1
a: no special abilities


You were on level 2 of the Dungeon.
You visited 1 branch of the dungeon, and saw 3 of its levels.

You collected 142 gold pieces.

Inventory:

Hand Weapons
 a - a +0 shortbow (weapon)
 i - a +2 dagger of electrocution
Armour
 c - a +0 leather armour (worn)
 k - a +0 helmet
Jewellery
 f - a ring of protection from cold (left hand)
Scrolls
 d - 3 scrolls of identify {unknown}
 g - a scroll of enchant weapon {unknown}
 j - a scroll of fear {unknown}
 l - a scroll of teleportation {unknown}
 o - a scroll of immolation
Potions
 e - a potion of curing {unknown}
 h - a potion of might {unknown}
 m - a potion of cancellation {unknown}
 n - a potion of heal wounds {unknown}


   Skills:
 + Level 2.3 Fighting
 * Level 4.2 Ranged Weapons
 + Level 2.3 Dodging
 + Level 1.7 Stealth


You had 2 spell levels left.
You didn't know any spells.
Your spell library contained the following spells:

 Spells                   Type           Power      Damage    Failure   Level
 Foxfire                  Conj/Fire      0%         2x1d4     41%         1
 Dazzling Flash           Conj/Hex       0%         N/A       80%         3
 Agony                    Necr           0%         N/A       100%        5
 Fireball                 Conj/Fire      0%         3d3       100%        5
 Silence                  Hex/Air        0%         N/A       100%        5
 Starburst                Conj/Fire      0%         6d3       100%        6


Dungeon Overview and Level Annotations

Branches:
Dungeon (3/15)


Innate Abilities, Weirdness & Mutations

You have an increased reservoir of magic. (+10% MP)
You shall have no god before yourself.
Your divine heritage dramatically boosts your attributes as you level up.
You have a pair of small horns on your head.
You are partially covered in iridescent scales. (AC +2)
Your body sometimes deteriorates upon taking damage.


Message History

You shoot an arrow. The arrow closely misses the orc.
An orc wizard comes into view. It is wielding a +0 dagger.
The orc attacks as you move away! The orc hits you with a +0 hand axe.
The orc wizard moves out of view.
You shoot an arrow. The arrow closely misses the orc.
The orc hits you with a +0 hand axe. The orc closely misses you.
You shoot an arrow. The arrow closely misses the orc.
The arrow hits the orc wizard.
The orc wizard is moderately wounded.
The orc closely misses you.
You shoot an arrow. The arrow hits the orc.
The orc is moderately wounded.
The orc wizard mumbles some strange words.
The orc wizard flickers and vanishes!
Deactivating autopickup; reactivate with Ctrl-A.
The orc wizard mumbles some strange words.
The orc wizard flickers and vanishes!
The orc closely misses you.
You shoot an arrow. The arrow hits the orc!
You kill the orc!
Something hits you. x2
You hear some strange, mumbled words.
Something tries to affect you, but you resist.
A puff of flame appears from out of thin air!
The puff of flame hits you!
* * * LOW HITPOINT WARNING * * *
There is a stone staircase leading up here.
Something hits you.
* * * LOW HITPOINT WARNING * * *
You climb upwards.
Reactivating autopickup.
There is a stone staircase leading down here.
It was a potion of mutation.
You feel extremely strange.
Iridescent scales grow over part of your body.
You feel yourself wasting away. A pair of horns grows on your head!
Your +0 helmet falls away!
You hear some strange, mumbled words.
A magic dart appears from out of thin air!
Deactivating autopickup; reactivate with Ctrl-A.
The magic dart hits you.
You die...

#################
#.....>.........# ####
#.#############.# ...#######.###
##.## #.#
.#...........#####...###.########
.....######....{@.....#..........
#.#..# #..###...............#.
#.#..# #..# ##.....#..#####.#.
#.#..# #..# ##...##..# #.#.
†....# #.)# ##.###..# #[#. #.#..#
#..# ### #..#####.#. ###..# #..#
#.....#..#. # #..# #..#
#.###.#.##. # #..# #..# #.#
#.#.##.


There were no monsters in sight!

Vanquished Creatures
  2 adders (D:2)
  A gnoll (D:1)
  2 dart slugs (D:1)
  2 orcs (D:3)
  5 bats
  5 endoplasms
  2 goblins (D:1)
  2 hobgoblins (D:1)
  2 ball pythons
  A frilled lizard (D:1)
  3 kobolds
  2 rats (D:1)
29 creatures vanquished.

Notes
Turn   | Place    | Note
-------+----------+-------------------------------------------
     0 | D:1      | KennySheep the Demigod Hunter began the quest for the Orb.
     0 | D:1      | Reached XP level 1. HP: 17/17 MP: 3/3
     9 | D:1      | Reached skill level 1 in Stealth
   153 | D:1      | Reached XP level 2. HP: 21/24 MP: 4/4
   344 | D:1      | Reached skill level 4 in Ranged Weapons
   875 | D:2      | Reached XP level 3. HP: 25/29 MP: 5/5
  1439 | D:2      | Gained mutation: You are partially covered in iridescent
                  | scales. (AC +2) [potion of mutation]
  1439 | D:2      | Gained mutation: Your body sometimes deteriorates upon
                  | taking damage. [potion of mutation]
  1439 | D:2      | Gained mutation: You have a pair of small horns on your
                  | head. [potion of mutation]
  1439 | D:2      | Killed from afar by an orc wizard

Illustrated notes

Levels and vault maps discovered:
D:1:      psy_arrival_terrarium, layout_basic, minivault_4, grunt_decor_fettered
D:2:      layout_loops_ring, shapermc_ecumenical_altar_venn
D:3:      layout_loops_ring, nicolae_overflow_hidden_temple, serial_shops, shop,
          minmay_misc_feat_room, minivault_11

Skill      XL: |  1  2 |
---------------+-------+-----
Stealth        | 1 |  1.7
Fighting       | 2 |  2.3
Dodging        | 2 |  2.3
Ranged Weapons | 4 |  4.2

Action                   || total
-------------------------++-------
 Fire: Shortbow          ||    83
  Use: Potion            ||     1
Armor: Leather armour    ||     4
Dodge: Dodged            ||    22

Table legend: (Time is in decaauts)
 A = Elapsed time spent in this place.
 B = Non-inter-level travel time spent in this place.
 C = Inter-level travel time spent in this place.
 D = Time resting spent in this place.
 E = Time spent auto-exploring this place.
 F = Levels seen in this place.
 G = Mean time per level.
                   A        B        C        D        E       F      G
               +--------+--------+--------+--------+--------+-----+--------+
         Total |   1467 |   1403 |     64 |      0 |   1204 |   3 |  489.0 |
       Dungeon |   1467 |   1403 |     64 |      0 |   1204 |   3 |  489.0 |
               +--------+--------+--------+--------+--------+-----+--------+

Top non-repeatable levels by time:
     D:1: 852 daAuts
     D:2: 589 daAuts
     D:3: 26 daAuts
